 Dungeon Crawl Stone Soup version 0.25-a0-353-ged6d54792d (webtiles) character file.

Game seed: 105632354893186288, levelgen mode: deterministic

86 Esekla the Sneak (level 4, -1/23 HPs)
             Began as a Vine Stalker Assassin on Jan 1, 2020.
             Succumbed to a scorpion's poison
             ... on level 3 of the Dungeon.
             The game lasted 00:07:25 (1410 turns).

Esekla the Sneak (Vine Stalker Assassin)            Turns: 1410, Time: 00:07:25

Health: -1/23      AC:  3    Str: 18    XL:     4   Next: 49%
Magic:  5/6        EV: 12    Int: 12    God:
Gold:   56         SH:  0    Dex: 16    Spells: 5/5 levels left

rFire    . . .     SeeInvis .   a - +2 dagger
rCold    . . .     Gourm    .   (no shield)
rNeg     . . .     Faith    .   b - +0 robe
rPois    .         Spirit   +   (no helmet)
rElec    .         Reflect  .   c - +0 cloak
rCorr    .         Harm     .   (no gloves)
MR       .....                  (no boots)
Stlth    +.........             (no amulet)
HPRegen  0.47/turn              (no ring)
MPRegen  0.10/turn              (no ring)

@: confused, mighty, lethally poisoned (-1 -> -7)
A: fangs 2, regeneration 1, magic shield, antimagic bite, no potion heal 3, rot
immunity
a: no special abilities


You were on level 3 of the Dungeon.
You were hungry.

You visited 1 branch of the dungeon, and saw 3 of its levels.

You collected 56 gold pieces.

Inventory:

Hand Weapons
 a - a +2 dagger (weapon)
Missiles
 d - 7 poisoned darts (quivered)
 e - 2 curare-tipped darts
Armour
 b - a +0 robe (worn)
 c - a +0 cloak (worn)
Wands
 n - a wand of paralysis (8)
Scrolls
 g - 2 scrolls of immolation {unknown}
 i - a scroll of teleportation {unknown}
 k - a scroll of blinking {unknown}
 l - a scroll of remove curse {unknown}
 o - 4 scrolls of identify {unknown}
 p - a scroll of fear {unknown}
 s - a scroll of amnesia {unknown}
 t - a scroll of enchant armour {unknown}
Potions
 h - a potion of heal wounds {unknown}
 q - a potion of degeneration {unknown}
 r - a potion of lignification {unknown}
Comestibles
 f - 3 rations


   Skills:
 + Level 2.1 Fighting
 + Level 2.1 Short Blades
 + Level 2.1 Throwing
 + Level 1.2 Dodging
 + Level 6.0 Stealth
 * Level 1.2 Spellcasting


You had 5 spell levels left.
You didn't know any spells.
Your spell library was empty.

Dungeon Overview and Level Annotations

Branches:
Dungeon (3/15)

Altars:


Innate Abilities, Weirdness & Mutations

You have extremely sharp teeth.
Your natural rate of healing is unusually fast.
When hurt, damage is shared between your health and your magic reserves.
Your bite disrupts and absorbs the magic of your enemies.
Potions cannot restore your health.
You are immune to rotting.


Message History

Found 26 stones.
You hit the scorpion.
You bite the scorpion, but do no damage.
The scorpion is moderately wounded.
* * * LOW HITPOINT WARNING * * *
You feel sick. The scorpion barely misses you.
You barely miss the scorpion. Your bite misses the scorpion.
The scorpion is moderately wounded.
* * * LOW HITPOINT WARNING * * *
You feel sick. The scorpion stings you.
* * * LOW HITPOINT WARNING * * *
It was a potion of ambrosia.
You are confused.
Your system rejects the healing.
You feel invigorated.
* * * LOW HITPOINT WARNING * * *
You feel sick. The scorpion stings you!
* * * LOW HITPOINT WARNING * * *
It was a potion of might.
You feel very mighty all of a sudden.
You die...

#.....# ####.##>#
#####.# #......<#
#.# #....รท..#
#.###.......#
####...............
..#####.......####
#. #.......#
####.#####.......#
#....@sls(###.##..
#.##.####.# #.# ..#
#. #.# # #. ... #.
.... .( ...### ##
..?# #...#


You could see a scorpion, a giant cockroach and a frilled lizard.

Vanquished Creatures
  2 adders (D:2)
  2 worms (D:2)
  4 dart slugs
  3 leopard geckos (D:2)
  2 giant cockroaches (D:1)
  6 goblins
  3 hobgoblins
  7 jackals
  A quokka (D:3)
  A ball python (D:2)
  7 bats
  3 frilled lizards
  5 kobolds
  6 rats
52 creatures vanquished.

Notes
Turn   | Place    | Note
-------+----------+-------------------------------------------
     0 | D:1      | Esekla the Vine Stalker Assassin began the quest for the
                  | Orb.
     0 | D:1      | Reached XP level 1. HP: 11/11 MP: 2/2
    32 | D:1      | Reached skill level 5 in Stealth
    92 | D:2      | Reached XP level 2. HP: 15/15 MP: 3/3
   388 | D:1      | Reached skill level 1 in Dodging
   438 | D:1      | Reached XP level 3. HP: 9/18 MP: 3/5
   805 | D:2      | Reached skill level 1 in Spellcasting
   868 | D:2      | Gained mutation: Your natural rate of healing is unusually
                  | fast. [Vine Stalker growth]
   868 | D:2      | Reached XP level 4. HP: 14/23 MP: 6/6
   944 | D:2      | Reached skill level 6 in Stealth
  1409 | D:3      | HP: 1/23 [scorpion (1)]
  1410 | D:3      | Succumbed to a scorpion's poison

Levels and vault maps discovered:
D:1:      dpeg_arrival_tiny_a, layout_loops_cross, dk_noncrumbling_3
D:2:      layout_basic, hangedman_abyss_or_decor_stabs
D:3:      layout_loops_ring, ebering_ghost_rock_garden

Skill      XL: |  1  2  3  4 |
---------------+-------------+-----
Stealth        | 5 6 |  6.0
Dodging        | 1 |  1.2
Throwing       | 2 |  2.1
Fighting       | 2 |  2.1
Short Blades   | 2 |  2.1
Spellcasting   | 1 |  1.2

Action                   |  1- 3 |  4- 6 || total
-------------------------+-------+-------++-------
Melee: Dagger            |   106 |    36 ||   142
       Bite              |    23 |     9 ||    32
Throw: Dart              |     9 |     1 ||    10
  Use: Potion            |       |     2 ||     2
 Stab: Sleeping          |     7 |     6 ||    13
       Distracted        |       |     1 ||     1
  Eat: Chunk             |       |     1 ||     1
Armor: Robe              |    18 |     4 ||    22
Dodge: Dodged            |    64 |    16 ||    80

Table legend:
 A = Non-vault XP
 B = Vault XP
 C = Vault XP percentage of total XP
 D = Non-vault monster count
 E = Vault monster count
 F = Vault count percentage of total count
                 A         B        C        D         E       F
            +---------+---------+-------+---------+---------+-------
      Total |     123 |       0 |   0.0 |      52 |       0 |   0.0
            +---------+---------+-------+---------+---------+-------
        D:1 |      36 |       0 |   0.0 |      18 |       0 |   0.0
        D:2 |      80 |       0 |   0.0 |      29 |       0 |   0.0
        D:3 |       7 |       0 |   0.0 |       5 |       0 |   0.0
            +---------+---------+-------+---------+---------+-------
